 Dungeon Crawl Stone Soup version 0.26-a0-712-ga5a9c9c9d0 (webtiles) character file.

Game seed: 5471718621564502546

606 Azzok the Chopper (level 7, 52/52 HPs)
             Began as a Demonspawn Berserker on Nov 10, 2020.
             Was a Priest of Trog.
             Quit the game on level 5 of the Dungeon.
             The game lasted 00:05:23 (4382 turns).

Azzok the Chopper (Demonspawn Berserker)            Turns: 4382, Time: 00:05:23

Health: 52/52      AC: 14    Str: 19    XL:     7   Next: 19%
Magic:  7/7        EV:  3    Int:  8    God:    Trog [***...]
Gold:   223        SH:  7    Dex: 13    Spells: 6/6 levels left

rFire    . . .     SeeInvis .   w - +1 dagger (venom)
rCold    . . .     Faith    .   k - +0 kite shield
rNeg     . . .     Spirit   .   i - +0 plate armour
rPois    .         Reflect  .   l - +0 helmet
rElec    .         Harm     .   (no cloak)
rCorr    .         Rampage  .   (no gloves)
MR       .....                  (no boots)
Stlth    ..........             (no amulet)
HPRegen  0.17/turn              (no ring)
MPRegen  0.10/turn              (no ring)

@: no status effects
A: hooves 2, thin metallic scales 2, demonic guardian 1
a: Berserk, Trog's Hand, Renounce Religion


You were on level 5 of the Dungeon.
You worshipped Trog.
Trog was most pleased with you.
You visited 1 branch of the dungeon, and saw 5 of its levels.

You collected 223 gold pieces.

Inventory:

Hand Weapons
 a - a +0 hand axe
 w - a +1 dagger of venom (weapon)
Missiles
 r - a throwing net (quivered)
Armour
 i - a +0 plate armour (worn)
 k - a +0 kite shield (worn)
 l - a +0 helmet (worn)
Jewellery
 e - an uncursed amulet of reflection {unknown}
 y - an uncursed amulet of faith {unknown}
Wands
 o - a wand of random effects (20)
Scrolls
 b - 4 scrolls of remove curse
 f - a scroll of enchant weapon {unknown}
 g - a scroll of blinking {unknown}
 m - 3 scrolls of teleportation {unknown}
 q - a scroll of identify {unknown}
 s - a scroll of magic mapping {unknown}
 t - a scroll of immolation {unknown}
Potions
 c - a potion of degeneration {unknown}
 d - 3 potions of mutation {unknown}
 h - a potion of magic {unknown}
 j - 3 potions of curing
 n - a potion of cancellation {unknown}
 p - 2 potions of invisibility {unknown}
 u - a potion of haste {unknown}
 v - a potion of stabbing {unknown}
 x - a potion of brilliance {unknown}
 z - a potion of resistance {unknown}


   Skills:
 - Level 3.0 Fighting
 + Level 7.6 Axes
 - Level 1.7 Armour
 - Level 1.7 Dodging


You had 6 spell levels left.
You didn't know any spells.
Your spell library was empty.

Dungeon Overview and Level Annotations

Branches:
Dungeon (5/15)
 Temple: D:4-7

Altars:
Elyvilon
Hepliaklqana
Makhleb
Trog
Uskayaw
Vehumet
Yredelemnul
The Shining One

Annotations:
D:5 Dowan


Innate Abilities, Weirdness & Mutations

You have hoof-like feet.
You are mostly covered in thin metallic scales. (AC +3)
A weak demonic guardian rushes to your aid.


Message History

You hit Duvessa but do no damage. You kick Duvessa!
Duvessa is severely wounded.
Duvessa hits you but does no damage.
Dowan casts a spell.
Dowan blinks!
You hit Duvessa but do no damage.
Duvessa looks as sick as possible!
You kick Duvessa.
Duvessa is almost dead.
You block Duvessa's attack. Duvessa hits you but does no damage.
You hit Duvessa.
You kill Duvessa!
Trog accepts your kill.
Dowan seems overcome with grief, but rights himself reflexively soon after.
Dowan seems to find hidden reserves of power!
You have reached level 7!
Your demonic ancestry asserts itself...
You feel the presence of a demonic guardian.
Dowan gestures wildly while chanting.
Dowan blinks!
Are you sure you want to abandon this character and quit the game? (Confirm with "yes".)

·▒ ·▒ ·▒
·▒
▒▒▒▒▒▒▒▒·▒
▒······<·▒
▒·▒▒▒▒▒··▒
▒··▒ ▒@·▒
▒)5·▒
e·§··▒
·▒·▒····
▒·▒···▒▒▒▒
▒ ····▒
▒▒··▒ ··


You could see Dowan (fast) and a friendly quasit (summoned).

Vanquished Creatures
  Duvessa (D:5)
  2 hounds (D:4)
  A jelly (D:4)
  6 orc wizards
  2 worker ants (D:4)
  Robin (D:2)
  8 adders
  2 oozes (D:2)
  2 worms
  A dart slug (D:3)
  A leopard gecko (D:2)
  8 orcs
  7 bats
  2 giant cockroaches (D:3)
  2 gnoll zombies (D:3)
  11 goblins
  9 hobgoblins
  7 jackals
  4 kobolds
  3 quokkas
  3 ball pythons
  5 frilled lizards
  2 leopard gecko skeletons (D:4)
  10 rats
100 creatures vanquished.

Notes
Turn   | Place    | Note
-------+----------+-------------------------------------------
     0 | D:1      | Azzok the Demonspawn Berserker began the quest for the Orb.
     0 | D:1      | Reached XP level 1. HP: 18/18 MP: 1/1
   189 | D:1      | Reached skill level 3 in Axes
   449 | D:1      | Gained mutation: You have large cloven feet. [demonic
                  | ancestry]
   449 | D:1      | Reached XP level 2. HP: 24/24 MP: 2/2
  1213 | D:2      | Gained mutation: You have hoof-like feet. [demonic
                  | ancestry]
  1213 | D:2      | Reached XP level 3. HP: 28/29 MP: 3/3
  1323 | D:2      | Found a radiant altar of Vehumet.
  1323 | D:2      | Found a burning altar of Makhleb.
  1335 | D:2      | Reached skill level 4 in Axes
  1577 | D:2      | Reached ** piety under Trog
  1784 | D:2      | Gained mutation: You are partially covered in thin metallic
                  | scales. (AC +2) [demonic ancestry]
  1784 | D:2      | Reached XP level 4. HP: 14/35 MP: 4/4
  2026 | D:2      | Noticed Robin
  2044 | D:2      | Killed Robin
  2387 | D:3      | Found a basalt altar of Yredelemnul.
  2608 | D:3      | Found a bloodstained altar of Trog.
  2609 | D:3      | Found a glowing golden altar of the Shining One.
  2609 | D:3      | Found a white marble altar of Elyvilon.
  2644 | D:3      | Found a hide-covered altar of Uskayaw.
  2664 | D:3      | Found a hazy altar of Hepliaklqana.
  2677 | D:3      | Reached skill level 5 in Axes
  2680 | D:3      | Gained mutation: You are mostly covered in thin metallic
                  | scales. (AC +3) [demonic ancestry]
  2680 | D:3      | Reached XP level 5. HP: 41/41 MP: 5/5
  3543 | D:4      | Reached *** piety under Trog
  3573 | D:4      | Reached skill level 6 in Axes
  3638 | D:3      | Reached XP level 6. HP: 47/47 MP: 6/6
  3997 | D:4      | Reached skill level 7 in Axes
  4372 | D:5      | Entered Level 5 of the Dungeon
  4372 | D:5      | Noticed Duvessa
  4372 | D:5      | Noticed Dowan
  4381 | D:5      | Killed Duvessa
  4381 | D:5      | Gained mutation: A weak demonic guardian rushes to your
                  | aid. [demonic ancestry]
  4381 | D:5      | Reached XP level 7. HP: 52/52 MP: 7/7
  4382 | D:5      | Quit the game

Illustrated notes

Levels and vault maps discovered:
D:1:      saegor_arrival_simple_c, layout_basic, chequers_serial_rivers_small_3,
          minmay_rat_gold_closets
D:2:      layout_loops_cross, chequers_temple_overflow_statue_of_worship,
          uniq_robin
D:3:      layout_loops_ring, lemuel_zombie_altar_yredelemnul,
          lemuel_round_altar, nicolae_overflow_quartered_altars
D:4:      layout_layer_cave, serial_glass, glass_columns_c, glass_columns_c
D:5:      layout_loops_corners, grunt_temple_overflow_growth_and_decay,
          uniq_duvessa, uniq_grinder

Skill      XL: |  1  2  3  4  5  6 |
---------------+-------------------+-----
Axes           | 3 4 5 6 7 |  7.6
Fighting       | |  3.0
Armour         | |  1.7
Dodging        | |  1.7

Action                   |  1- 3 |  4- 6 |  7- 9 || total
-------------------------+-------+-------+-------++-------
Melee: Hand axe          |    26 |       |       ||    26
       Spear             |    92 |   228 |       ||   320
       Kick              |    21 |    75 |       ||    96
       Dagger            |       |    13 |       ||    13
Invok: Berserk           |       |     1 |       ||     1
  Use: Scroll            |       |     1 |       ||     1
       Potion            |       |     1 |       ||     1
Armor: Ring mail         |    14 |       |       ||    14
       Animal skin       |     3 |       |       ||     3
       Plate armour      |    43 |   156 |       ||   199
Dodge: Dodged            |    52 |    73 |       ||   125
Block: Kite shield       |       |     4 |       ||     4

Table legend: (Time is in decaauts)
 A = Elapsed time spent in this place.
 B = Non-inter-level travel time spent in this place.
 C = Inter-level travel time spent in this place.
 D = Time resting spent in this place.
 E = Time spent auto-exploring this place.
 F = Levels seen in this place.
 G = Mean time per level.
                   A        B        C        D        E       F      G
               +--------+--------+--------+--------+--------+-----+--------+
         Total |   4384 |   4220 |    164 |    671 |   2811 |   5 |  876.8 |
       Dungeon |   4384 |   4220 |    164 |    671 |   2811 |   5 |  876.8 |
               +--------+--------+--------+--------+--------+-----+--------+

Top non-repeatable levels by time:
     D:3: 1237 daAuts
     D:1: 1186 daAuts
     D:2: 1163 daAuts
     D:4: 786 daAuts
     D:5: 10 daAuts
